[Event "Titled Tuesday Blitz September 21 2021"]
[White "Sjugirov, Sanan"]
[Black "Yeletsky, Ivan"]
[WhiteFideId "4189302"]
[BlackFideId "24180327"]
[WhiteElo "2654"]
[BlackElo "2344"]
[Result "0-1"]
[Round "07"]
[TimeControl "180+1"]
[Date "2021.09.21"]
[WhiteClock "0:00:47"]
[BlackClock "0:01:30"]

1. e4 e6 2. d4 d5 3. e5 c5 4. c3 Nc6 5. Nf3 Bd7 6. Be2 Nge7 7. Na3 Ng6 8. Nc2 cxd4 9. cxd4 f6 10. exf6 gxf6 11. O-O Bd6 12. Re1 Qc7 13. Bd2 O-O 14. Rc1 Rac8 15. Bf1 Kh8 16. Nb4 Qb6 17. Nxc6 Rxc6 18. Rxc6 bxc6 19. Bc3 Kg7 0-1


[Site "https://www.chess.com"]

[Event "Titled Tuesday Blitz September 21 2021"]
[White "Skatchkov, Valery"]
[Black "Srihari L R"]
[WhiteFideId "24195812"]
[BlackFideId "46617116"]
[WhiteElo "2195"]
[BlackElo "2121"]
[Result "1-0"]
[Round "07"]
[TimeControl "180+1"]
[Date "2021.09.21"]
[WhiteClock "0:00:49"]
[BlackClock "0:01:58"]

1. Nf3 d6 2. d4 Nd7 3. e4 Ngf6 4. Nc3 e5 5. Bc4 Be7 6. O-O O-O 7. Re1 c6 8. a4 Qc7 9. h3 b6 10. Nh4 Re8 11. Nf5 Bf8 12. Qf3 exd4 13. Qg3 Ne5 14. Nh6+ Kh8 15. Bg5 Nh5 16. Qh4 1-0


[Site "https://www.chess.com"]

[Event "Titled Tuesday Blitz September 21 2021"]
[White "Sliwicki, Damian"]
[Black "Ozates, Tuna"]
[WhiteFideId "1127128"]
[BlackFideId "6354521"]
[WhiteElo "2151"]
[BlackElo "1872"]
[Result "1-0"]
[Round "07"]
[TimeControl "180+1"]
[Date "2021.09.21"]
[WhiteClock "0:00:56"]
[BlackClock "0:02:25"]

1. e4 d6 2. d4 Nf6 3. Nc3 e5 4. Nf3 Nbd7 5. Bc4 Be7 6. g4 c6 7. g5 Nxe4 8. Nxe4 d5 9. Bd3 dxe4 10. Bxe4 O-O 11. dxe5 Nxe5 12. Nxe5 Qa5+ 13. Bd2 Qxe5 14. Qe2 Qxb2 15. O-O Be6 16. Rab1 1-0


[Site "https://www.chess.com"]

[Event "Titled Tuesday Blitz September 21 2021"]
[White "Solon, Nathan"]
[Black "Manukyan, Artyom"]
[WhiteFideId "2017229"]
[BlackFideId "13305786"]
[WhiteElo "2692"]
[BlackElo "2034"]
[Result "0-1"]
[Round "07"]
[TimeControl "180+1"]
[Date "2021.09.21"]
[WhiteClock "0:01:44"]
[BlackClock "0:00:32"]

1. d4 d5 2. c4 e6 3. Nf3 f6 4. Nc3 c6 5. e4 dxe4 6. Nxe4 Bb4+ 7. Bd2 Bxd2+ 8. Qxd2 Ne7 9. Bd3 O-O 10. O-O Nf5 11. Bc2 b6 12. Rfe1 Re8 13. Rad1 Bb7 14. Nc3 Nd6 15. Bb3 Na6 16. c5 bxc5 17. Rxe6 c4 18. Rxe8+ Qxe8 19. Bc2 Nb4 20. Re1 Qf7 21. Ne4 Nxe4 0-1


[Site "https://www.chess.com"]

[Event "Titled Tuesday Blitz September 21 2021"]
[White "Stoyanov, Tsvetan"]
[Black "Buscar, Michael"]
[WhiteFideId "2917173"]
[BlackFideId "2603616"]
[WhiteElo "2191"]
[BlackElo "2010"]
[Result "1-0"]
[Round "07"]
[TimeControl "180+1"]
[Date "2021.09.21"]
[WhiteClock "0:01:35"]
[BlackClock "0:00:24"]

1. Nf3 Nf6 2. g3 d5 3. Bg2 e6 4. O-O Be7 5. d4 O-O 6. c4 c6 7. Nc3 Nbd7 8. Qc2 Re8 9. e4 dxe4 10. Nxe4 Nxe4 11. Qxe4 Nf8 12. b3 Bf6 13. Bb2 Qa5 14. a3 Bd7 15. Rad1 Rad8 16. h4 c5 17. Ne5 cxd4 18. Ng4 Be7 19. Qxd4 f6 20. b4 Qc7 21. Qxa7 Qxc4 22. Ne3 Qb3 23. Rd2 1-0


[Site "https://www.chess.com"]

[Event "Titled Tuesday Blitz September 21 2021"]
[White "Svane, Rasmus"]
[Black "Vogel, Roven"]
[WhiteFideId "4657101"]
[BlackFideId "12908088"]
[WhiteElo "2643"]
[BlackElo "2516"]
[Result "0-1"]
[Round "07"]
[TimeControl "180+1"]
[Date "2021.09.21"]
[WhiteClock "0:01:35"]
[BlackClock "0:00:14"]

1. Nf3 d5 2. g3 g6 3. Bg2 Bg7 4. d4 Nf6 5. O-O O-O 6. c3 Nbd7 7. a4 Re8 8. Bf4 Nh5 9. Bg5 h6 10. Be3 c6 11. a5 Nhf6 12. Re1 e5 13. dxe5 Ng4 14. Bf4 Ndxe5 15. Nxe5 Nxe5 16. Nd2 Bg4 17. Qa4 h5 18. Bxe5 Rxe5 19. e3 Re8 20. Nf3 Bf6 0-1


[Site "https://www.chess.com"]

[Event "Titled Tuesday Blitz September 21 2021"]
[White "Sviridova, Vlada"]
[Black "Turzo, Attila"]
[WhiteFideId "24109606"]
[BlackFideId "704954"]
[WhiteElo "2101"]
[BlackElo "2484"]
[Result "1-0"]
[Round "07"]
[TimeControl "180+1"]
[Date "2021.09.21"]
[WhiteClock "0:01:14"]
[BlackClock "0:01:35"]

1. d4 d5 2. c4 c6 3. Nf3 Nf6 4. Nc3 e6 5. e3 Nbd7 6. Qc2 Bd6 7. Bd3 O-O 8. O-O dxc4 9. Bxc4 b5 10. Be2 Bb7 11. e4 e5 12. dxe5 Nxe5 13. Nh4 g6 14. Bg5 Be7 15. Rfd1 Qb6 16. Be3 Qa5 17. Nf3 Neg4 18. Bf4 Qb6 19. Bg3 1-0


[Site "https://www.chess.com"]

[Event "Titled Tuesday Blitz September 21 2021"]
[White "Swapnil, S. Dhopade"]
[Black "Al-Tarboush, Ward"]
[WhiteFideId "5019184"]
[BlackFideId "7601450"]
[WhiteElo "2402"]
[BlackElo "2319"]
[Result "1-0"]
[Round "07"]
[TimeControl "180+1"]
[Date "2021.09.21"]
[WhiteClock "0:01:11"]
[BlackClock "0:01:04"]

1. d4 d5 2. c4 c6 3. Nc3 Nf6 4. e3 e6 5. Nf3 Nbd7 6. Qc2 Bd6 7. Bd3 dxc4 8. Bxc4 b5 9. Be2 Bb7 10. O-O O-O 11. e4 e5 12. dxe5 Nxe5 13. Nd4 Neg4 14. g3 Bxg3 15. hxg3 Qxd4 16. Qd1 Qxd1 17. Rxd1 Rad8 18. Bf4 h5 19. f3 Nh6 20. Kf2 Rfe8 21. Bc7 Rc8 22. Bf4 1-0


[Site "https://www.chess.com"]

[Event "Titled Tuesday Blitz September 21 2021"]
[White "Swicarz, Maciej"]
[Black "Karas, Marek"]
[WhiteFideId "1113585"]
[BlackFideId "14928558"]
[WhiteElo "2153"]
[BlackElo "2273"]
[Result "0-1"]
[Round "07"]
[TimeControl "180+1"]
[Date "2021.09.21"]
[WhiteClock "0:00:20"]
[BlackClock "0:01:29"]

1. c4 e5 2. Nc3 Nf6 3. Nf3 Nc6 4. e4 Bb4 5. d3 O-O 6. a3 Bxc3+ 7. bxc3 d6 8. g3 h6 9. Bg2 Be6 10. Rb1 Rb8 11. O-O Ne7 12. Ne1 c6 13. f4 exf4 14. Bxf4 Ng6 15. Be3 Qa5 16. Qb3 Nd7 17. Qb4 Qxb4 18. axb4 a6 19. Nf3 Nge5 20. Rbd1 Nxf3+ 21. Bxf3 Ne5 22. Be2 Bg4 23. Bxg4 Nxg4 24. Bf4 Rbd8 25. h3 Ne5 0-1


[Site "https://www.chess.com"]

[Event "Titled Tuesday Blitz September 21 2021"]
[White "Szpar, Milosz"]
[Black "Murzin, Volodar"]
[WhiteFideId "1184989"]
[BlackFideId "44155573"]
[WhiteElo "2282"]
[BlackElo "2514"]
[Result "1/2-1/2"]
[Round "07"]
[TimeControl "180+1"]
[Date "2021.09.21"]
[WhiteClock "0:00:11"]
[BlackClock "0:02:15"]

1. e4 c6 2. d4 d5 3. Nc3 dxe4 4. Nxe4 Bf5 5. Qf3 e6 6. c3 Nd7 7. Bd3 Ngf6 8. Nxf6+ Qxf6 9. Ne2 Bxd3 10. Qxd3 Bd6 11. Ng3 Qg6 12. Qxg6 hxg6 13. O-O Nf6 14. Bg5 1/2-1/2


[Site "https://www.chess.com"]

[Event "Titled Tuesday Blitz September 21 2021"]
[White "Taboas Rodriguez, Daniel"]
[Black "Kabanov, Nikolai"]
[WhiteFideId "2208466"]
[BlackFideId "4127820"]
[WhiteElo "2429"]
[BlackElo "2303"]
[Result "1-0"]
[Round "07"]
[TimeControl "180+1"]
[Date "2021.09.21"]
[WhiteClock "0:01:50"]
[BlackClock "0:01:26"]

1. d4 Nf6 2. Nf3 e6 3. c4 d5 4. Bg5 c5 5. cxd5 Qxd5 6. Nc3 Qd8 7. e3 Be7 8. dxc5 O-O 9. Qxd8 Rxd8 10. Ne4 Nc6 11. Bxf6 gxf6 12. Rc1 f5 13. Ned2 e5 14. Nb3 1-0


[Site "https://www.chess.com"]

[Event "Titled Tuesday Blitz September 21 2021"]
[White "Tanenbaum, Zachary"]
[Black "Devaev, Alexander"]
[WhiteFideId "2060850"]
[BlackFideId "4169395"]
[WhiteElo "2165"]
[BlackElo "2185"]
[Result "1-0"]
[Round "07"]
[TimeControl "180+1"]
[Date "2021.09.21"]
[WhiteClock "0:01:43"]
[BlackClock "0:00:11"]

1. e4 c6 2. d4 d5 3. exd5 cxd5 4. Bd3 Nc6 5. c3 Nf6 6. Bf4 g6 7. Nd2 Bf5 8. Bxf5 gxf5 9. Ngf3 e6 10. O-O Bd6 11. Bg5 Rg8 12. Re1 Be7 13. Bxf6 Bxf6 14. Nb3 Qc7 15. Nc5 O-O-O 16. Nd3 Kb8 17. a4 Rg7 18. Nfe5 Rdg8 19. g3 Nxe5 20. Nxe5 f4 21. Qf3 Bg5 22. Kh1 1-0


[Site "https://www.chess.com"]

[Event "Titled Tuesday Blitz September 21 2021"]
[White "Tasev, Dejan"]
[Black "Vakhlamov, Igor L."]
[WhiteFideId "936618"]
[BlackFideId "24126748"]
[WhiteElo "2253"]
[BlackElo "2416"]
[Result "1-0"]
[Round "07"]
[TimeControl "180+1"]
[Date "2021.09.21"]
[WhiteClock "0:00:25"]
[BlackClock "0:01:23"]

1. e4 c5 2. Nf3 Nc6 3. Nc3 g6 4. Bc4 Bg7 5. d3 d6 6. h3 a6 7. Bb3 Nf6 8. Be3 Na5 9. Qd2 Nxb3 10. axb3 h6 11. O-O g5 12. Nh2 e5 13. Ne2 Nh5 14. Ng3 Nf4 15. b4 cxb4 16. Qxb4 O-O 17. Ng4 h5 18. Bb6 Qd7 19. Ne3 1-0


[Site "https://www.chess.com"]

[Event "Titled Tuesday Blitz September 21 2021"]
[White "Timmermans, Mark"]
[Black "Vokhidov, Shamsiddin"]
[WhiteFideId "1026399"]
[BlackFideId "14204223"]
[WhiteElo "2460"]
[BlackElo "2616"]
[Result "1-0"]
[Round "07"]
[TimeControl "180+1"]
[Date "2021.09.21"]
[WhiteClock "0:00:49"]
[BlackClock "0:01:58"]

1. b4 c6 2. Bb2 Qb6 3. a3 a5 4. c4 axb4 5. c5 Qc7 6. axb4 Rxa1 7. Bxa1 Nf6 8. Nf3 Na6 9. Bc3 g6 10. e3 Bg7 11. Bc4 d5 12. cxd6 exd6 13. b5 Nc5 14. O-O O-O 15. Na3 Bf5 16. Be2 Ra8 17. Nc2 Nce4 18. Bd4 c5 19. Bb2 Ra2 20. Qc1 d5 21. Be5 Qa5 22. Bd3 1-0


[Site "https://www.chess.com"]

[Event "Titled Tuesday Blitz September 21 2021"]
[White "Tisaj, Domen"]
[Black "Pajeken, Jakob Leon"]
[WhiteFideId "14628708"]
[BlackFideId "12942839"]
[WhiteElo "2272"]
[BlackElo "2351"]
[Result "1/2-1/2"]
[Round "07"]
[TimeControl "180+1"]
[Date "2021.09.21"]
[WhiteClock "0:01:38"]
[BlackClock "0:01:38"]

1. d4 d5 2. Nf3 Nf6 3. e3 c5 4. b3 e6 5. Bb2 Nc6 6. Nbd2 Bd6 7. dxc5 Bxc5 8. a3 a5 9. Bd3 Qe7 10. O-O O-O 11. e4 dxe4 12. Nxe4 Nxe4 13. Bxe4 Bd7 14. Qe2 Rfd8 15. Rfd1 f6 16. h3 Be8 17. c3 Rxd1+ 18. Qxd1 Rd8 19. Qc2 f5 1/2-1/2


[Site "https://www.chess.com"]

[Event "Titled Tuesday Blitz September 21 2021"]
[White "Tristan, Leonardo"]
[Black "Khanin, Semen"]
[WhiteFideId "113816"]
[BlackFideId "4111990"]
[WhiteElo "2404"]
[BlackElo "2449"]
[Result "0-1"]
[Round "07"]
[TimeControl "180+1"]
[Date "2021.09.21"]
[WhiteClock "0:00:00"]
[BlackClock "0:01:40"]

1. d4 Nf6 2. Nf3 e6 3. Bf4 d5 4. e3 c5 5. Nbd2 Nc6 6. c3 Be7 7. Ne5 Nxe5 8. Bxe5 O-O 9. Bd3 Nd7 10. Bf4 b6 11. Qf3 Bb7 12. Qh3 g6 13. Bh6 Re8 14. f4 Nf6 15. Nf3 Ne4 16. Ne5 Bf6 17. Ng4 Bh8 18. O-O f5 19. Ne5 Bxe5 20. fxe5 a5 21. g4 Ba6 0-1


[Site "https://www.chess.com"]

[Event "Titled Tuesday Blitz September 21 2021"]
[White "Tsvetkov, Andrey"]
[Black "Rakhmanov, Aleksandr"]
[WhiteFideId "34139360"]
[BlackFideId "4173708"]
[WhiteElo "2280"]
[BlackElo "2554"]
[Result "1/2-1/2"]
[Round "07"]
[TimeControl "180+1"]
[Date "2021.09.21"]
[WhiteClock "0:02:13"]
[BlackClock "0:01:36"]

1. d4 d5 2. c4 e6 3. Nc3 Nf6 4. cxd5 exd5 5. Bg5 c6 6. e3 h6 7. Bh4 Be7 8. Bd3 Nbd7 9. Qc2 Nf8 10. Nge2 Ne6 11. O-O O-O 12. Rad1 a5 13. f3 b5 14. Kh1 b4 15. Na4 Bb7 16. Bf2 Rc8 17. Bf5 Nd7 18. Bxe6 fxe6 19. Nf4 Rf6 1/2-1/2


[Site "https://www.chess.com"]

[Event "Titled Tuesday Blitz September 21 2021"]
[White "Visakh N R"]
[Black "Rojas Alarcon, Julian Antonio"]
[WhiteFideId "25012223"]
[BlackFideId "5107407"]
[WhiteElo "2454"]
[BlackElo "2333"]
[Result "0-1"]
[Round "07"]
[TimeControl "180+1"]
[Date "2021.09.21"]
[WhiteClock "0:01:46"]
[BlackClock "0:01:12"]

1. d4 Nf6 2. c4 e6 3. Nf3 b6 4. g3 Ba6 5. b3 Bb4+ 6. Bd2 Be7 7. Bg2 c6 8. Bc3 d5 9. Nbd2 Nbd7 10. O-O O-O 11. Re1 c5 12. e4 dxe4 13. Nxe4 Nxe4 14. Rxe4 Bf6 15. Qd2 Bb7 16. Re2 cxd4 17. Nxd4 Bxg2 18. Kxg2 Nc5 19. Qe3 Qc7 20. Qf3 a6 21. Rd1 Rac8 22. h4 h6 23. Red2 Rfd8 24. Ne2 Rxd2 25. Rxd2 Bxc3 26. Nxc3 Rd8 27. Rxd8+ Qxd8 28. b4 Nd7 29. Qb7 a5 30. a3 axb4 31. axb4 Ne5 32. c5 bxc5 0-1


[Site "https://www.chess.com"]

[Event "Titled Tuesday Blitz September 21 2021"]
[White "Vlassov, Nikolai"]
[Black "Bouget, Alexandre"]
[WhiteFideId "4103360"]
[BlackFideId "681318"]
[WhiteElo "2407"]
[BlackElo "2178"]
[Result "0-1"]
[Round "07"]
[TimeControl "180+1"]
[Date "2021.09.21"]
[WhiteClock "0:01:54"]
[BlackClock "0:00:43"]

1. e4 e5 2. Bc4 Nf6 3. d3 Nc6 4. Nf3 Be7 5. O-O O-O 6. Re1 d6 7. a4 Kh8 8. a5 a6 9. c3 Ng8 10. d4 Bg4 11. d5 Nb8 12. h3 Bc8 13. Bd3 g6 14. c4 f5 15. Nc3 f4 16. c5 g5 17. cxd6 cxd6 18. Nh2 Nf6 19. f3 Qe8 20. Na4 Nbd7 21. Bd2 h5 22. b4 Qg6 23. Be2 Rg8 0-1


[Site "https://www.chess.com"]

[Event "Titled Tuesday Blitz September 21 2021"]
[White "Yaksin, Oleg"]
[Black "Lysyj, Igor"]
[WhiteFideId "24105880"]
[BlackFideId "4150120"]
[WhiteElo "2310"]
[BlackElo "2660"]
[Result "0-1"]
[Round "07"]
[TimeControl "180+1"]
[Date "2021.09.21"]
[WhiteClock "0:01:19"]
[BlackClock "0:01:54"]

1. d4 Nf6 2. c4 e6 3. g3 d5 4. Nf3 Be7 5. Bg2 O-O 6. O-O Nbd7 7. Qc2 c6 8. Bf4 b6 9. Rd1 Nh5 10. Bd2 Nhf6 11. Nc3 Bb7 12. Rac1 dxc4 13. Ne5 Nxe5 14. dxe5 Nd7 15. Ne4 b5 16. Bf4 Qc7 17. Nd6 Bxd6 18. exd6 Qb6 0-1


[Site "https://www.chess.com"]

[Event "Titled Tuesday Blitz September 21 2021"]
[White "Yordanov, Nikolay Plamenov"]
[Black "Mortazavi, Ali"]
[WhiteFideId "2907445"]
[BlackFideId "401323"]
[WhiteElo "2248"]
[BlackElo "2339"]
[Result "0-1"]
[Round "07"]
[TimeControl "180+1"]
[Date "2021.09.21"]
[WhiteClock "0:01:35"]
[BlackClock "0:00:02"]

1. d4 Nf6 2. Bf4 d6 3. e3 g6 4. h3 Bg7 5. Nf3 O-O 6. Be2 c5 7. O-O Be6 8. c4 cxd4 9. exd4 d5 10. c5 Ne4 11. Nc3 Nc6 12. a3 h6 13. Re1 f5 14. Qc1 g5 15. Be5 Nxe5 16. Nxe5 Bxe5 17. dxe5 Nxc5 18. h4 Nb3 19. Qc2 Nxa1 20. Rxa1 Qe8 21. hxg5 hxg5 22. Nb5 Qg6 0-1


[Site "https://www.chess.com"]

[Event "Titled Tuesday Blitz September 21 2021"]
[White "Zarubitski, Viachaslau"]
[Black "Majer, Damir"]
[WhiteFideId "13509373"]
[BlackFideId "4615689"]
[WhiteElo "2315"]
[BlackElo "2228"]
[Result "0-1"]
[Round "07"]
[TimeControl "180+1"]
[Date "2021.09.21"]
[WhiteClock "0:00:44"]
[BlackClock "0:02:41"]

1. a3 e6 2. b4 Nf6 3. Bb2 d5 4. g3 b6 5. Bg2 Be7 6. c4 a5 7. cxd5 exd5 8. b5 Nbd7 9. Nc3 Nc5 10. d4 Nce4 11. Qc2 Nxc3 12. Qxc3 O-O 13. e3 h5 14. Ne2 h4 15. gxh4 Ne4 16. Qc2 Bxh4 0-1


[Site "https://www.chess.com"]

[Event "Titled Tuesday Blitz September 21 2021"]
[White "Zhigalko, Sergei"]
[Black "Perez Gormaz, Matias"]
[WhiteFideId "13502956"]
[BlackFideId "3406342"]
[WhiteElo "2662"]
[BlackElo "2352"]
[Result "1-0"]
[Round "07"]
[TimeControl "180+1"]
[Date "2021.09.21"]
[WhiteClock "0:00:49"]
[BlackClock "0:00:25"]

1. e4 c5 2. Nf3 d6 3. d4 cxd4 4. Qxd4 Nf6 5. Nc3 Nc6 6. Bb5 Bd7 7. Bxc6 Bxc6 8. Bg5 e6 9. O-O-O Be7 10. Rhe1 O-O 11. Kb1 Qa5 12. Qd2 Qa6 13. Nd4 Rac8 14. f3 Rfd8 15. g4 Be8 16. Nce2 h6 17. Be3 d5 18. e5 Nd7 19. Bf4 b5 20. Ng3 Nb6 21. Nh5 Nc4 22. Qc1 Bf8 23. Rg1 1-0


[Site "https://www.chess.com"]

[Event "Titled Tuesday Blitz September 21 2021"]
[White "Zubov, Alexander"]
[Black "Babazada, Khazar"]
[WhiteFideId "14109409"]
[BlackFideId "13413554"]
[WhiteElo "2740"]
[BlackElo "2315"]
[Result "0-1"]
[Round "07"]
[TimeControl "180+1"]
[Date "2021.09.21"]
[WhiteClock "0:00:48"]
[BlackClock "0:00:15"]

1. e4 g6 2. d4 Bg7 3. Nc3 c6 4. h3 d5 5. Nf3 dxe4 6. Nxe4 Nf6 7. Ng3 O-O 8. Bc4 c5 9. dxc5 Qa5+ 10. c3 Qxc5 11. Bb3 Nc6 12. O-O Bf5 13. Be3 Qa5 14. Qe2 Rad8 15. Nxf5 Qxf5 16. Nd4 Nxd4 17. Bxd4 Nd5 18. Bxa7 Nf4 19. Qf3 e5 20. Be3 Bh6 21. Rad1 e4 22. Qg4 Qxg4 23. hxg4 Kg7 0-1


[Site "https://www.chess.com"]

[Event "Titled Tuesday Blitz September 21 2021"]
[White "Andreikin, Dmitry"]
[Black "Deac, Bogdan-Daniel"]
[WhiteFideId "4158814"]
[BlackFideId "1226380"]
[WhiteElo "2736"]
[BlackElo "2605"]
[Result "0-1"]
[Round "08"]
[TimeControl "180+1"]
[Date "2021.09.21"]
[WhiteClock "0:00:07"]
[BlackClock "0:00:14"]

1. d4 d5 2. Nf3 Nf6 3. c4 e6 4. Nc3 dxc4 5. e4 Bb4 6. Bxc4 Nxe4 7. O-O Nf6 8. Bg5 O-O 9. Qe2 Nbd7 10. Rad1 Nb6 11. Bd3 Be7 12. h4 Bd7 13. Ne5 Bc6 14. Bb1 Nfd5 15. Qh5 f5 16. Rfe1 Be8 17. Qf3 Bxg5 18. hxg5 Qxg5 19. a3 Bh5 20. Qd3 Nf4 21. Qg3 Qxg3 22. fxg3 Bxd1 23. gxf4 Bb3 24. Kf2 Rad8 25. Nf3 h6 26. g3 Rfe8 27. Bd3 a6 28. Bf1 Bd5 29. Ne5 Nd7 30. Ng6 Nf6 31. Ne5 Be4 32. Ke3 Nd5+ 33. Nxd5 Rxd5 34. Bc4 Rd6 35. b4 Red8 36. Rd1 Bd5 37. Be2 Bc6 38. Bh5 Ba4 39. Rd2 Be8 40. Bf3 c6 41. Nc4 R6d7 42. Ne5 Rc7 43. a4 b6 44. Rc2 Rdc8 45. Nc4 c5 46. Nxb6 cxd4+ 47. Kxd4 Rxc2 48. Nxc8 Rxc8 49. Bb7 Rb8 50. Bxa6 Rxb4+ 51. Ke5 Re4+ 52. Kd6 Bxa4 53. Bb7 Re3 54. Ke7 Bb3 55. Bc6 Rxg3 56. Be8 Bd5 57. Bh5 Kh8 58. Kf8 g5 59. fxg5 hxg5 60. Bf7 f4 61. Bg6 f3 62. Kf7 f2 63. Ke7 f1=Q 64. Be8 Qf4 65. Bd7 Qc7 66. Kf8 Rf3+ 67. Ke7 Qc5+ 68. Kd8 Rf8+ 69. Be8 Qd6+ 70. Kc8 Rxe8# 0-1


[Site "https://www.chess.com"]

[Event "Titled Tuesday Blitz September 21 2021"]
[White "Aradhya, Garg"]
[Black "Pourkashiyan, Atousa"]
[WhiteFideId "25006746"]
[BlackFideId "12502014"]
[WhiteElo "2146"]
[BlackElo "2285"]
[Result "1-0"]
[Round "08"]
[TimeControl "180+1"]
[Date "2021.09.21"]
[WhiteClock "0:00:12"]
[BlackClock "0:00:25"]

1. d4 Nf6 2. c4 e6 3. Nf3 d5 4. Nc3 Be7 5. Bf4 O-O 6. a3 Nbd7 7. Nb5 c6 8. Bc7 Qe8 9. Nd6 Bxd6 10. Bxd6 dxc4 11. e3 Nb6 12. Be2 Ne4 13. Bxf8 Qxf8 14. O-O c3 15. b4 a5 16. Qc2 f5 17. Bd3 axb4 18. axb4 Rxa1 19. Rxa1 Qxb4 20. Bxe4 fxe4 21. Qxe4 Qb2 22. Qb1 Nc4 23. Ng5 g6 24. Ne4 Kf7 25. Qc1 c2 26. Nd6+ Ke7 27. Nxc4 Qxc1+ 28. Rxc1 e5 29. Nxe5 Bf5 30. g4 Be4 31. f3 Bd5 32. Rxc2 b5 33. Nxc6+ Kd6 34. Ne5 Bb3 35. Rb2 Ba4 36. e4 Ke6 37. Kf2 h5 38. Ke3 hxg4 39. fxg4 g5 40. Nf3 Kf6 41. d5 Kg6 42. e5 Bd1 43. Rxb5 Bxf3 44. Rb6+ Kf7 45. Kxf3 Ke7 46. Ke4 Kd7 47. Kf5 Kc7 48. Rg6 1-0


[Site "https://www.chess.com"]

[Event "Titled Tuesday Blitz September 21 2021"]
[White "Babazada, Khazar"]
[Black "Lashkin, Jegor"]
[WhiteFideId "13413554"]
[BlackFideId "13907808"]
[WhiteElo "2315"]
[BlackElo "2293"]
[Result "0-1"]
[Round "08"]
[TimeControl "180+1"]
[Date "2021.09.21"]
[WhiteClock "0:00:15"]
[BlackClock "0:00:09"]

1. e4 c5 2. Nf3 d6 3. d4 cxd4 4. Nxd4 Nf6 5. Nc3 a6 6. h3 e5 7. Nde2 h5 8. g3 Be7 9. Bg2 Be6 10. Bg5 Nbd7 11. O-O O-O 12. Qd2 Rc8 13. Rad1 b5 14. a3 Nb6 15. Qc1 Qc7 16. Kh2 Qc6 17. f4 a5 18. f5 Bc4 19. Rf2 b4 20. Nb1 d5 21. b3 Bxe2 22. Rxe2 dxe4 23. axb4 axb4 24. Bxe4 Nxe4 25. Bxe7 Rfe8 26. Bxb4 Ng5 27. Qxg5 Nd5 28. Be1 Nf6 29. Nc3 e4 30. Re3 Re5 31. Qf4 Rce8 32. Rd4 Qc8 33. Rc4 Qd7 34. Rd4 Qxd4 35. g4 hxg4 36. hxg4 Qxe3 0-1


[Site "https://www.chess.com"]

[Event "Titled Tuesday Blitz September 21 2021"]
[White "Baches Garcia, Guillermo"]
[Black "Tristan, Leonardo"]
[WhiteFideId "2209764"]
[BlackFideId "113816"]
[WhiteElo "2482"]
[BlackElo "2404"]
[Result "1/2-1/2"]
[Round "08"]
[TimeControl "180+1"]
[Date "2021.09.21"]
[WhiteClock "0:00:17"]
[BlackClock "0:00:10"]

1. e4 d5 2. exd5 Qxd5 3. Nc3 Qa5 4. g3 Nf6 5. Bg2 e5 6. Nge2 Bd6 7. O-O O-O 8. d3 Nc6 9. Bd2 Qb6 10. Rb1 a5 11. a3 Nd4 12. Bg5 Bg4 13. Bxf6 gxf6 14. h3 Be6 15. Nd5 Bxd5 16. Bxd5 Bc5 17. Nxd4 Bxd4 18. Qh5 f5 19. Qxf5 Qd6 20. Bxb7 Rab8 21. Be4 Qg6 22. Qxg6+ fxg6 23. c3 Bc5 24. b4 Bb6 25. Kg2 Rf6 26. f4 exf4 27. Rxf4 Rxf4 28. gxf4 a4 29. c4 Bd4 30. Rf1 Rd8 31. b5 Bb2 32. f5 gxf5 33. Bxf5 Bxa3 34. Ra1 Bb2 35. Rxa4 Rf8 36. Be4 Bd4 37. Ra8 Kg7 38. Rxf8 Kxf8 39. Bxh7 Kg7 40. Be4 Kh6 41. Kf3 Kg5 42. Bb7 Kh4 43. Ke4 Bf2 44. d4 Kxh3 45. c5 Kg4 46. Bc6 Kg5 47. b6 cxb6 48. cxb6 Bg3 49. Kd5 Kf6 50. Bd7 Ke7 51. Kc6 Kd8 52. Bf5 Bf2 53. d5 Bg3 54. d6 Bf2 55. Kb7 Bc5 56. d7 Bd6 57. Ka7 Bc5 58. Ka6 Bd6 59. Kb7 Bc5 60. Kc6 Bd4 61. Kb5 Be3 62. Ka6 Bd4 63. Ka7 Bc5 64. Kb7 Bd4 65. Kc6 Be3 66. b7 Bf4 67. Kb5 Bb8 68. Kb6 Ke7 69. Kc6 Kd8 70. Bh3 Ke7 71. Bf5 Kd8 72. Bh3 Ke7 73. Kd5 Kd8 74. Ke6 Bc7 75. Kd5 Bb8 76. Kc6 1/2-1/2


[Site "https://www.chess.com"]

[Event "Titled Tuesday Blitz September 21 2021"]
[White "Belenkaya, Dina"]
[Black "Kwon, Sehyun"]
[WhiteFideId "24142654"]
[BlackFideId "13203088"]
[WhiteElo "2247"]
[BlackElo "1778"]
[Result "0-1"]
[Round "08"]
[TimeControl "180+1"]
[Date "2021.09.21"]
[WhiteClock "0:00:34"]
[BlackClock "0:02:26"]

1. Nf3 d5 2. g3 Nf6 3. Bg2 Bg4 4. O-O Nbd7 5. d4 e6 6. c3 Bd6 7. Nbd2 O-O 8. e3 Re8 9. Re1 e5 10. Nxe5 Nxe5 11. dxe5 Bxd1 12. exd6 Bh5 13. dxc7 Qxc7 14. g4 Nxg4 15. Nf3 Ne5 16. Nxe5 Rxe5 17. Bd2 Rg5 18. f4 Rg6 19. Rf1 Re8 20. Rf2 Bg4 21. Re1 Bf5 22. Kf1 Bd3+ 23. Kg1 Be4 24. Ree2 f5 25. Be1 Ree6 26. Bd2 Bxg2 27. Rxg2 Rxg2+ 28. Rxg2 Rg6 29. Rxg6 hxg6 30. Kf2 Qc4 31. Ke1 Qxa2 32. Bc1 Qc4 33. Kd2 b5 34. Ke1 a5 35. Bd2 b4 36. Kd1 b3 37. Ke1 a4 38. Bc1 Qd3 39. Bd2 Qc2 40. Ke2 Qxb2 41. Kd3 Qc2+ 42. Ke2 b2 43. Ke1 b1=Q+ 44. Ke2 Qbd1+ 45. Kf2 Qcxd2+ 46. Kg3 Qg4# 0-1


[Site "https://www.chess.com"]

[Event "Titled Tuesday Blitz September 21 2021"]
[White "Bouget, Alexandre"]
[Black "Harshavardhan G B"]
[WhiteFideId "681318"]
[BlackFideId "25059009"]
[WhiteElo "2178"]
[BlackElo "1825"]
[Result "1-0"]
[Round "08"]
[TimeControl "180+1"]
[Date "2021.09.21"]
[WhiteClock "0:00:09"]
[BlackClock "0:00:53"]

1. d4 Nf6 2. c4 g6 3. Nc3 Bg7 4. e4 O-O 5. Be2 d6 6. Nf3 Nbd7 7. O-O e5 8. Be3 Ng4 9. Bg5 f6 10. Bd2 Nh6 11. Qc1 Nf7 12. c5 exd4 13. Nxd4 Nxc5 14. b4 Ne6 15. Nxe6 Bxe6 16. Nd5 Bxd5 17. exd5 f5 18. Bc3 Rc8 19. Bxg7 Kxg7 20. Qa3 Qf6 21. Qxa7 f4 22. Bg4 Rb8 23. Rac1 Ne5 24. Rxc7+ Kh6 25. f3 Nxg4 26. fxg4 Qe5 27. h4 g5 28. h5 Qxd5 29. Re1 f3 30. Ree7 Qd3 31. Re6+ 1-0


[Site "https://www.chess.com"]